 Dungeon Crawl Stone Soup version 0.31-a0-1424-g2add1c7226 (webtiles) character file.

Game seed: 6367797047965025287

1142 grandjackal the Digger (level 8, -9/52 HPs)
             Began as a Vampire Earth Elementalist on Dec 26, 2023.
             Mangled by an ice beast (14 damage)
             ... on level 6 of the Dungeon.
             The game lasted 00:07:19 (5275 turns).

grandjackal the Digger (Vampire Earth Elementalist) Turns: 5275, Time: 00:07:19

Health: -9/52      AC:  5    Str:  7    XL:     8   Next: 15%
Magic:  6/11       EV: 12    Int: 20    God:
Gold:   106        SH:  0    Dex: 14    Spells: 4/11 levels left

rFire   . . .        g - +0 dagger
rCold   . . .        (no shield)
rNeg    . . .        a - +0 robe
rPois   .            (no helmet)
rElec   .            (no cloak)
rCorr   .            q - +2 pair of gloves
SInv    +            (no boots)
Will    .....        (no amulet)
Stlth   +++          (no ring)
HPRegen 0.48/turn    (no ring)
MPRegen 0.12/turn

%: no passive effects
@: healing quickly
A: alive, fangs 3, see invisible, vampiric 2
a: Exsanguinate


You were on level 6 of the Dungeon.
You visited 1 branch of the dungeon, and saw 6 of its levels.

You collected 286 gold pieces.
You spent 180 gold pieces at shops.

Inventory:

Hand Weapons
 g - a +0 dagger (weapon)
Armour
 a - a +0 robe (worn)
 q - a +2 pair of gloves (worn)
Jewellery
 c - a ring of fire
Wands
 s - a wand of roots (7)
 t - a wand of charming (7)
 w - a wand of polymorph (6)
Scrolls
 e - 2 scrolls of enchant armour {unknown}
 f - a scroll of immolation {unknown}
 j - a scroll of poison {unknown}
 n - a scroll of identify {unknown}
 o - a scroll of fear {unknown}
 u - a scroll of noise {unknown}
 y - a scroll of acquirement {unknown}
Potions
 b - a potion of magic
 d - 2 potions of curing
 h - 2 potions of heal wounds {unknown}
 i - 2 potions of attraction {unknown}
 k - 2 potions of mutation {unknown}
 l - a potion of cancellation {unknown}
 m - a potion of lignification {unknown}
 p - a potion of degeneration {unknown}
 r - a potion of invisibility {unknown}
 v - a potion of haste {unknown}
 x - a potion of brilliance {unknown}


   Skills:
 + Level 5.4 Short Blades
 - Level 2.1 Dodging
 - Level 5.3 Stealth
 - Level 2.0 Spellcasting
 + Level 6.1 Earth Magic
 + Level 5.9 Alchemy


You had 4 spell levels left.
You knew the following spells:

 Your Spells              Type           Power      Damage    Failure   Level
a - Sandblast             Erth           52%        2d12      1%          1
b - Passwall              Alch/Erth      21%        N/A       1%          2
c - Petrify               Alch/Erth      26%        N/A       13%         4

Your spell library contained the following spells:

 Spells                   Type           Power      Damage    Failure   Level
 Mercury Vapours          Alch/Air       26%        N/A       7%          2
 Stone Arrow              Conj/Erth      28%        3d8       13%         3
 Mephitic Cloud           Conj/Alch/Air  9%         N/A       22%         3
 Brom's Barrelling Bould  Conj/Erth      14%        2d4       41%         4
 Freezing Cloud           Conj/Ice/Air   1%         6-21      99%         5


Dungeon Overview and Level Annotations

Branches:
Dungeon (6/15)             Temple (0/1) D:4

Altars:
Ashenzari
Fedhas
Hepliaklqana
Nemelex Xobeh
Sif Muna
Uskayaw
Yredelemnul

Shops:
D:4 [

Annotations:
D:4 2 transporters, Grorgnorb's ghost, amateur DjWn
D:5 5 runed translucent doors, Alvadar's ghost, amateur DECj; Crazy Yiuf


Innate Abilities, Weirdness & Mutations

Your natural rate of healing is accelerated.
You have razor-sharp teeth.
You have supernaturally acute eyesight. (SInv)
You are afflicted with vampirism and can become a bat while bloodless.


Message History

You are more poisoned.
The water moccasin poisons you!
It was a potion of curing.
You feel better. The jelly misses you. The water moccasin closely misses you.
Casting: Sandblast (safe; 1% risk of failure)
Confirm with . or Enter, or press ? or * to list all spells.
Okay, then.
Aiming: Charm
Press: ? - help, Shift-Dir - straight line, f - jelly, p - water moccasin
Aim: a jelly (chance to affect: 57%)
The jelly is charmed.
The water moccasin bites you but does no damage.
The ice beast hits your jelly. The ice beast freezes your jelly!
The ice beast is burned by acid!
Your jelly barely misses the water moccasin.
The water moccasin closely misses you. The ice beast hits your jelly.
The ice beast freezes your jelly!
Your jelly dies!
Casting: Sandblast (safe; 1% risk of failure)
Confirm with . or Enter, or press ? or * to list all spells.
Aiming: Sandblast (safe; 1% risk of failure)
Press: ? - help, Shift-Dir - straight line, f - water moccasin
Aim: a water moccasin (almost dead, 72% to hit)
The blast of sand hits the water moccasin but does no damage.
The water moccasin is almost dead.
The water moccasin bites you but does no damage.
The water moccasin completely misses you.
The water moccasin bites you!
* * * LOW HITPOINT WARNING * * *
Casting: Sandblast (safe; 1% risk of failure)
Confirm with . or Enter, or press ? or * to list all spells.
Aiming: Sandblast (safe; 1% risk of failure)
Press: ? - help, Shift-Dir - straight line, f/p - water moccasin
Aim: a water moccasin (almost dead, 72% to hit)
The blast of sand hits the water moccasin!
You kill the water moccasin!
The ice beast hits you.
* * * LOW HITPOINT WARNING * * *
The ice beast freezes you!
You die...

....~~~~..#
#..8~~~~..#
###...~~~~..#
#...........# #+
#..........
#.##########........
#.........##......#
#.........##....<.#
#.........##...@..#
#.........##..Y####
#.=..Y....##...#
#.........##...#
#.........##...#
#..[......##...###
..................#
..................#
..................#


You could see an ice beast.

Vanquished Creatures
  Grinder (D:5)
  3 water moccasins
  2 ogres
  3 scorpions
  4 orc priests
  A hound (D:4)
  An iguana (D:5)
  3 orc wizards
  6 adders
  A dart slug (D:1)
  16 orcs
  4 ball pythons (D:1)
  6 endoplasms
  4 giant cockroaches
  8 goblins
  6 hobgoblins
  4 jackals (D:4)
  5 quokkas
  6 bats
  4 frilled lizards
  A goblin skeleton (D:5)
  7 kobolds
  A kobold skeleton (D:5)
  8 rats
105 creatures vanquished.

Vanquished Creatures (others)
  A jelly (D:6)
1 creature vanquished.

Grand Total: 106 creatures vanquished

Notes
Turn   | Place    | Note
-------+----------+-------------------------------------------
     0 | D:1      | grandjackal the Vampire Earth Elementalist began the quest
                  | for the Orb.
     0 | D:1      | Reached XP level 1. HP: 13/13 MP: 3/3
   228 | D:1      | Reached XP level 2. HP: 19/19 MP: 3/5
   901 | D:1      | Gained mutation: You are afflicted with vampirism and can
                  | become a bat while bloodless. [Vampire growth]
   901 | D:1      | Reached XP level 3. HP: 24/24 MP: 1/6
  1113 | D:1      | Learned a level 2 spell: Passwall
  2026 | D:3      | Found a blossoming altar of Fedhas.
  2041 | D:3      | Reached skill level 1 in Short Blades
  2046 | D:3      | Reached XP level 4. HP: 19/30 MP: 7/7
  2076 | D:3      | Learned a level 4 spell: Petrify
  2079 | D:3      | Found a hide-covered altar of Uskayaw.
  2396 | D:3      | Reached skill level 5 in Stealth
  2396 | D:3      | Reached XP level 5. HP: 26/35 MP: 4/8
  2399 | D:3      | Reached skill level 4 in Earth Magic
  2692 | D:3      | Found a hazy altar of Hepliaklqana.
  2871 | D:4      | Found Melu's Antique Armour Boutique.
  2877 | D:4      | Bought a pair of embroidered gloves for 180 gold pieces
  2956 | D:4      | Reached XP level 6. HP: 3/41 MP: 3/9
  2956 | D:4      | HP: 2/41 [orc/+0 whip (1)]
  3349 | D:4      | Found a transporter.
  3352 | D:4      | Noticed Grorgnorb's ghost (amateur DjWn)
  3483 | D:4      | Noticed a water moccasin
  3491 | D:4      | Killed a water moccasin
  3554 | D:4      | Reached skill level 5 in Earth Magic
  3554 | D:4      | Reached XP level 7. HP: 29/46 MP: 3/10
  3711 | D:4      | Found a staircase to the Ecumenical Temple.
  3755 | D:4      | Found a transporter.
  3834 | D:5      | Entered Level 5 of the Dungeon
  3953 | D:5      | Found a runed translucent door.
  3954 | D:5      | Noticed Crazy Yiuf
  4126 | D:5      | Found a shimmering blue altar of Sif Muna.
  4136 | D:5      | Found a runed translucent door.
  4136 | D:5      | Noticed a human
  4138 | D:5      | Found a basalt altar of Yredelemnul.
  4198 | D:5      | Reached skill level 5 in Alchemy
  4337 | D:5      | Found a runed translucent gate.
  4338 | D:5      | Found a runed translucent gate.
  4339 | D:5      | Found a runed translucent gate.
  4341 | D:5      | Noticed Alvadar's ghost (amateur DECj)
  4546 | D:5      | Found a broken altar of Ashenzari.
  4711 | D:5      | Noticed Grinder
  4719 | D:5      | Killed Grinder
  4720 | D:5      | Reached skill level 5 in Short Blades
  4720 | D:5      | Reached skill level 6 in Earth Magic
  4720 | D:5      | Reached XP level 8. HP: 52/52 MP: 6/11
  4798 | D:5      | Found a sparkling altar of Nemelex Xobeh.
  5267 | D:6      | HP: 2/52 [water moccasin (1)]
  5275 | D:6      | Mangled by an ice beast

Illustrated notes

Levels and vault maps discovered:
D:1:      reono_arrival_forest_river, layout_loops_ring, lexackson_kobold_supper
D:2:      layout_basic, serial_corexii_hall, corexii_hall_statues_l,
          corexii_hall_statues_u, corexii_hall_statues_s, minmay_pentomino_w2
D:3:      cheibrodos_pilgrimage, layout_rooms, lemuel_coloured_pillars_altar,
          jmf_multi_god_temple2, serial_curves, eino_curves_04, eino_curves_01
D:4:      dreamdust_elfheim, layout_gridville, nicolae_tso_swordbearing_angel,
          minmay_temple_entry_poolview, gammafunk_ghost_mausoleum, serial_shops,
          shop
D:5:      layout_loops_corners, nemelex_diamond_rough_becter,
          overflow_temple_1_default, mainiacjoe_overflow_24_doors,
          dk_yredelemnul_ordeal, gammafunk_ghost_split,
          serial_library_hellmonk_recessed_alcove, uniq_crazy_yiuf_cottage,
          uniq_grinder
D:6:      layout_basic, general_overflow_altar, kennysheep_mini,
          makhleb_grotto_becter, serial_park_tiny_pond, eino_tiny_chamber,
          kennysheep_generic_room_10, uniq_menkaure

Skill      XL: |  1  2  3  4  5  6  7 |
---------------+----------------------+-----
Stealth        | 4 5 |  5.3
Alchemy        | 2 3 4 5 |  5.9
Short Blades   | 1 2 3 5 |  5.4
Earth Magic    | 4 5 6 |  6.1
Dodging        | |  2.1
Spellcasting   | |  2.0

Action                     |  1- 3 |  4- 6 |  7- 9 || total
---------------------------+-------+-------+-------++-------
  Melee: Unarmed           |    31 |       |       ||    31
         Bite              |     8 |     7 |     2 ||    17
         Dagger            |    81 |    81 |    31 ||   193
         Punch             |       |     1 |       ||     1
   Cast: Sandblast         |    36 |    33 |    26 ||    95
         Petrify           |       |       |     1 ||     1
  Evoke: Wand              |       |       |     1 ||     1
    Use: Potion            |       |       |     1 ||     1
   Stab: Sleeping          |     3 |     7 |     6 ||    16
         Petrifying        |       |       |     2 ||     2
         Petrified         |       |       |     1 ||     1
 Armour: Robe              |    88 |    62 |    43 ||   193
  Dodge: Dodged            |    97 |    68 |    40 ||   205

Table legend: (Time is in decaauts)
 A = Elapsed time spent in this place.
 B = Non-inter-level travel time spent in this place.
 C = Inter-level travel time spent in this place.
 D = Time resting spent in this place.
 E = Time spent auto-exploring this place.
 F = Levels seen in this place.
 G = Mean time per level.
                   A        B        C        D        E       F      G
               +--------+--------+--------+--------+--------+-----+--------+
         Total |   5309 |   5092 |    217 |    809 |   3450 |   6 |  884.8 |
       Dungeon |   5309 |   5092 |    217 |    809 |   3450 |   6 |  884.8 |
               +--------+--------+--------+--------+--------+-----+--------+

Top non-repeatable levels by time:
     D:5: 1398 daAuts
     D:1: 1214 daAuts
     D:4: 1109 daAuts
     D:3: 797 daAuts
     D:2: 740 daAuts
     D:6: 49 daAuts
